 Dungeon Crawl Stone Soup version 0.31-a0-1074-g0b22e4e0f1 (console) character file.

Game seed: 15847524022014364529

9219 jejorda2 the Cleaver (level 11, -1/133 HPs)
             Began as a Gnoll Berserker on Dec 6, 2023.
             Was an Elder of Trog.
             Slain by Snorg (16 damage)
             ... on level 10 of the Dungeon.
             The game lasted 00:22:16 (9016 turns).

jejorda2 the Cleaver (Gnoll Berserker)              Turns: 9016, Time: 00:22:17

Health: -1/133     AC: 21    Str: 20    XL:     11   Next: 43%
Magic:  20/20      EV: 14    Int:  6    God:    Trog [****..]
Gold:   447        SH:  0    Dex: 13    Spells: 22/22 levels left

rFire   . . .        b - +0 lajatang
rCold   . . .        (shield currently unavailable)
rNeg    + . .        z - +0 plate armour {rN+}
rPois   .            (no helmet)
rElec   .            l - +0 cloak
rCorr   .            B - +1 pair of gloves
SInv    .            (no boots)
Will    .....        r - amulet of the acrobat Stlth
                     s - +4 ring of protection
HPRegen 0.42/turn    i - +5 ring of evasion
MPRegen 0.17/turn

%: acrobat
@: berserking (expiring), very quick
A: fangs 1, strong nose, distributed training
a: Renounce Religion, Berserk, Trog's Hand, Brothers in Arms


You were on level 10 of the Dungeon.
You worshipped Trog.
Trog was greatly pleased with you.
You visited 1 branch of the dungeon, and saw 10 of its levels.

You collected 447 gold pieces.

Inventory:

Hand Weapons
 a - a +0 war axe
 b - a +0 lajatang (weapon)
 w - a +0 dire flail
Missiles
 d - 7 poisoned darts
 p - 11 curare-tipped darts
 q - a throwing net
 y - 16 boomerangs (quivered)
 D - 6 javelins
Armour
 c - a +0 chain mail
 l - a +0 cloak (worn)
 z - a +0 plate armour of positive energy (worn)
 B - a +1 pair of gloves (worn)
Jewellery
 f - a ring of positive energy
 i - a +5 ring of evasion (right hand)
 m - a ring of flight
 r - an amulet of the acrobat (around neck)
 s - a +4 ring of protection (left hand)
 u - a ring of see invisible
 v - a ring of resist corrosion
Wands
 x - a wand of iceblast (7)
Scrolls
 j - a scroll of revelation
 o - a scroll of blinking
 E - 2 scrolls of teleportation
 F - a scroll of fog {unknown}
 G - a scroll of identify
 H - a scroll of poison {unknown}
Potions
 e - 3 potions of curing
 g - 2 potions of lignification {unknown}
 h - 2 potions of berserk rage {unknown}
 k - a potion of experience {unknown}
 n - 7 potions of attraction
 t - a potion of mutation {unknown}
 A - 3 potions of enlightenment
 C - a potion of resistance {unknown}


   Skills:
 + Level 9.2 Fighting
 + Level 6.4 Short Blades
 + Level 6.4 Long Blades
 + Level 9.2 Axes
 + Level 6.4 Maces & Flails
 + Level 6.4 Polearms
 + Level 6.4 Staves
 + Level 6.4 Ranged Weapons
 + Level 6.4 Throwing
 + Level 8.0 Armour
 + Level 8.0 Dodging
 + Level 6.4 Stealth
 + Level 6.4 Shields
 + Level 6.4 Unarmed Combat
 + Level 6.4 Spellcasting
 + Level 5.3 Conjurations
 + Level 5.3 Hexes
 + Level 5.3 Summonings
 + Level 5.3 Necromancy
 + Level 5.3 Translocations
 + Level 5.3 Transmutations
 + Level 5.3 Fire Magic
 + Level 5.3 Ice Magic
 + Level 5.3 Air Magic
 + Level 5.3 Earth Magic
 + Level 5.3 Poison Magic
 + Level 7.0 Invocations
 + Level 6.4 Evocations
 + Level 5.8 Shapeshifting


You had 22 spell levels left.
You didn't know any spells.
Your spell library was empty.

Dungeon Overview and Level Annotations

Branches:
Dungeon (10/15)            Temple (0/1) D:7
   Lair: D:8-11         Orc: D:9-12

Altars:
Ashenzari
Cheibriados
Dithmenos
Elyvilon
Gozag
Nemelex Xobeh
Wu Jian
Xom
Zin

Shops:
D:7 *   D:10 (

Annotations:
D:10 Snorg


Innate Abilities, Weirdness & Mutations

You have very sharp teeth.
Your uncanny sense of smell can sniff out nearby items.
Your experience applies equally to all skills.


Message History

You slice Snorg!!
Snorg is moderately wounded.
Snorg bites you but does no damage. Snorg closely misses you. Snorg misses you.
You closely miss Snorg. You bite Snorg.
Snorg is moderately wounded.
The yak gores you. Snorg bites you but does no damage. Snorg claws you.
Snorg claws you but does no damage.
You slash Snorg! Your bite misses Snorg.
Snorg is moderately wounded.
The yak closely misses you. Snorg misses you. Snorg claws you!
Snorg misses you.
You slash Snorg!
Snorg is heavily wounded.
Snorg closely misses you. Snorg barely misses you. Snorg claws you!
The yak closely misses you.
You closely miss Snorg.
Snorg is heavily wounded.
Snorg bites you! Snorg closely misses you. Snorg misses you.
You hit Snorg.
Snorg is heavily wounded.
Snorg bites you but does no damage. Snorg claws you! Snorg claws you.
The yak gores you but does no damage.
You slash Snorg!
Snorg is heavily wounded.
Snorg misses you. Snorg claws you but does no damage. Snorg claws you!
* * * LOW HITPOINT WARNING * * *
The yak gores you but does no damage. Snorg closely misses you.
Snorg claws you but does no damage. Snorg closely misses you.
You barely miss Snorg.
Snorg is heavily wounded.
The yak gores you!
* * * LOW HITPOINT WARNING * * *
You slice Snorg!!
Snorg is severely wounded.
Snorg bites you.
* * * LOW HITPOINT WARNING * * *
Snorg claws you.
* * * LOW HITPOINT WARNING * * *
Snorg claws you but does no damage. Snorg bites you!
You die...

#.................#
#.................#
#........<........#
#.................#
∆ #$............
#....††.......
#........?...#
#.........#...
#...@T...#..#.
#...†Y...# ##
#........# ∆
#........#
..........#
...........#
............#
###..........


You could see Snorg (berserk) and a yak.

Vanquished Creatures
  2 two-headed ogres
  Erica (D:8)
  A cyclops (D:6)
  Joseph (D:8)
  A gargoyle (D:8)
  A hornet (D:9)
  A wyvern (D:9)
  Grum (D:10)
  8 yaks
  2 steam dragons
  A water moccasin (D:6)
  4 orc warriors
  A sky beast (D:6)
  2 black bears
  2 ice beasts
  2 wolves (D:10)
  3 ogres
  6 centaurs
  3 phantoms
  4 bullfrogs
  2 gnoll sergeants
  3 scorpions
  13 wights
  8 killer bees (D:8)
  3 howler monkeys
  A jelly (D:4)
  3 orc priests
  3 hounds
  Crazy Yiuf (D:2)
  Jessica (D:3)
  5 iguanas
  5 orc wizards
  12 gnolls
  5 adders
  6 ufetubi
  2 worms (D:2)
  26 orcs
  4 ball pythons
  4 endoplasms
  A giant cockroach (D:1)
  8 goblins
  9 hobgoblins
  7 kobolds
  3 quokkas (D:1)
  2 bats (D:1)
  3 frilled lizards
  6 rats
193 creatures vanquished.

Notes
Turn   | Place    | Note
-------+----------+-------------------------------------------
     0 | D:1      | jejorda2 the Gnoll Berserker began the quest for the Orb.
     0 | D:1      | Reached XP level 1. HP: 23/23 MP: 1/1
    98 | D:1      | Reached XP level 2. HP: 29/29 MP: 2/2
   431 | D:1      | Reached XP level 3. HP: 32/35 MP: 3/3
   593 | D:1      | Reached ** piety under Trog
   785 | D:2      | Reached skill level 1 in Invocations
   981 | D:2      | Found a runed translucent door.
   982 | D:2      | Noticed Crazy Yiuf
   989 | D:2      | Killed Crazy Yiuf
   990 | D:2      | Reached skill level 1 in Short Blades
   990 | D:2      | Reached skill level 1 in Long Blades
   990 | D:2      | Reached skill level 1 in Maces & Flails
   990 | D:2      | Reached skill level 1 in Polearms
   990 | D:2      | Reached skill level 1 in Staves
   990 | D:2      | Reached skill level 1 in Ranged Weapons
   990 | D:2      | Reached skill level 1 in Throwing
   990 | D:2      | Reached skill level 1 in Stealth
   990 | D:2      | Reached skill level 1 in Shields
   990 | D:2      | Reached skill level 1 in Unarmed Combat
   990 | D:2      | Reached skill level 1 in Spellcasting
   990 | D:2      | Reached skill level 1 in Evocations
   990 | D:2      | Reached skill level 1 in Shapeshifting
   990 | D:2      | Reached XP level 4. HP: 41/41 MP: 5/5
  1587 | D:3      | Reached skill level 1 in Conjurations
  1587 | D:3      | Reached skill level 1 in Hexes
  1587 | D:3      | Reached skill level 1 in Summonings
  1587 | D:3      | Reached skill level 1 in Necromancy
  1587 | D:3      | Reached skill level 1 in Translocations
  1587 | D:3      | Reached skill level 1 in Transmutations
  1587 | D:3      | Reached skill level 1 in Fire Magic
  1587 | D:3      | Reached skill level 1 in Ice Magic
  1587 | D:3      | Reached skill level 1 in Air Magic
  1587 | D:3      | Reached skill level 1 in Earth Magic
  1587 | D:3      | Reached skill level 1 in Poison Magic
  1610 | D:3      | Reached XP level 5. HP: 33/47 MP: 5/7
  2008 | D:3      | Noticed Jessica
  2015 | D:3      | Killed Jessica
  2415 | D:4      | Reached XP level 6. HP: 42/53 MP: 8/8
  2476 | D:4      | Reached skill level 5 in Armour
  2476 | D:4      | Reached skill level 5 in Dodging
  2528 | D:4      | Found a white marble altar of Elyvilon.
  2528 | D:4      | Found a shadowy altar of Dithmenos.
  2596 | D:4      | Noticed a black bear
  2599 | D:4      | Killed a black bear
  2711 | D:4      | Reached XP level 7. HP: 43/59 MP: 10/10
  3386 | D:5      | Entered Level 5 of the Dungeon
  3444 | D:5      | Reached XP level 8. HP: 46/67 MP: 12/12
  3686 | D:5      | Found an ornate altar of the Wu Jian Council.
  3693 | D:5      | Noticed a spectral centipede
  3693 | D:5      | Noticed a spectral black mamba
  3827 | D:5      | Found a broken altar of Ashenzari.
  3977 | D:5      | Reached *** piety under Trog
  4033 | D:6      | Noticed a cyclops
  4044 | D:6      | Killed a cyclops
  4045 | D:6      | Reached XP level 9. HP: 43/73 MP: 14/14
  5436 | D:7      | Found an opulent altar of Gozag.
  5468 | D:7      | Reached skill level 5 in Invocations
  5482 | D:7      | Found a staircase to the Ecumenical Temple.
  5492 | D:7      | Found a glowing silver altar of Zin.
  5493 | D:7      | Found Zin's Purification Station.
  6048 | D:8      | Noticed Erica
  6059 | D:8      | Killed Erica
  6060 | D:8      | Reached skill level 5 in Short Blades
  6060 | D:8      | Reached skill level 5 in Long Blades
  6060 | D:8      | Reached skill level 5 in Maces & Flails
  6060 | D:8      | Reached skill level 5 in Polearms
  6060 | D:8      | Reached skill level 5 in Staves
  6060 | D:8      | Reached skill level 5 in Ranged Weapons
  6060 | D:8      | Reached skill level 5 in Throwing
  6060 | D:8      | Reached skill level 5 in Stealth
  6060 | D:8      | Reached skill level 5 in Shields
  6060 | D:8      | Reached skill level 5 in Unarmed Combat
  6060 | D:8      | Reached skill level 5 in Spellcasting
  6060 | D:8      | Reached skill level 5 in Evocations
  6060 | D:8      | Reached XP level 10. HP: 81/81 MP: 17/17
  6061 | D:8      | Noticed a gargoyle
  6076 | D:8      | Killed a gargoyle
  6195 | D:8      | Found a sparkling altar of Nemelex Xobeh.
  6286 | D:8      | Found a snail-covered altar of Cheibriados.
  6286 | D:8      | Found a shimmering altar of Xom.
  6913 | D:8      | Noticed Joseph
  6936 | D:8      | Killed Joseph
  7144 | D:8      | Noticed a two-headed ogre
  7151 | D:8      | Killed a two-headed ogre
  7152 | D:8      | Reached skill level 5 in Shapeshifting
  7570 | D:9      | Noticed a two-headed ogre
  7576 | D:9      | Killed a two-headed ogre
  7577 | D:9      | Reached XP level 11. HP: 89/89 MP: 18/20
  7629 | D:9      | Reached skill level 5 in Conjurations
  7629 | D:9      | Reached skill level 5 in Hexes
  7629 | D:9      | Reached skill level 5 in Summonings
  7629 | D:9      | Reached skill level 5 in Necromancy
  7629 | D:9      | Reached skill level 5 in Translocations
  7629 | D:9      | Reached skill level 5 in Transmutations
  7629 | D:9      | Reached skill level 5 in Fire Magic
  7629 | D:9      | Reached skill level 5 in Ice Magic
  7629 | D:9      | Reached skill level 5 in Air Magic
  7629 | D:9      | Reached skill level 5 in Earth Magic
  7629 | D:9      | Reached skill level 5 in Poison Magic
  8297 | D:9      | Reached **** piety under Trog
  8789 | D:10     | Entered Level 10 of the Dungeon
  8791 | D:10     | Found Terphug's Antique Weapon Boutique.
  8807 | D:10     | Noticed Grum
  8831 | D:10     | Killed Grum
  8999 | D:10     | Noticed Snorg
  9016 | D:10     | Slain by Snorg

Illustrated notes

Levels and vault maps discovered:
D:1:      lemuel_arrival_hallway, layout_loops_cross, minmay_pentomino_u4
D:2:      layout_basic, nicolae_underground_beach, uniq_crazy_yiuf_cottage
D:3:      layout_loops_ring, uniq_jessica
D:4:      layout_loops_ring, gammafunk_temple_overflow_elements
D:5:      layout_rooms, pdpol_wu_jian_five_deadly_venoms,
          cheibrodos_ashenzari_chains
D:6:      layout_rooms
D:7:      layout_basic, grunt_gozag_statues, zin_purify, temple_statues
D:8:      layout_loops_corners, nicolae_overflow_hidden_temple,
          gammafunk_temple_overflow_pools, uniq_erica, uniq_joseph
D:9:      nicolae_cairo_tiling_very_big, layout_loops_corners
D:10:     layout_long_grid, mainiacjoe_overflow_boulevard, dpeg_oklobed_lair,
          hellmonk_ghost_big_iron, serial_shops, nicolae_shop_behind_doors,
          uniq_snorg, uniq_grum

Skill      XL: |  1  2  3  4  5  6  7  8  9 10 11 |
---------------+----------------------------------+-----
Invocations    | 1 2 3 4 5 6 7 |  7.0
Short Blades   | 1 2 3 5 6 |  6.4
Long Blades    | 1 2 3 5 6 |  6.4
Maces & Flails | 1 2 3 5 6 |  6.4
Polearms       | 1 2 3 5 6 |  6.4
Staves         | 1 2 3 5 6 |  6.4
Ranged Weapons | 1 2 3 5 6 |  6.4
Throwing       | 1 2 3 5 6 |  6.4
Stealth        | 1 2 3 5 6 |  6.4
Shields        | 1 2 3 5 6 |  6.4
Unarmed Combat | 1 2 3 5 6 |  6.4
Spellcasting   | 1 2 3 5 6 |  6.4
Evocations     | 1 2 3 5 6 |  6.4
Shapeshifting  | 1 2 3 4 5 |  5.8
Conjurations   | 1 2 3 4 5 |  5.3
Hexes          | 1 2 3 4 5 |  5.3
Summonings     | 1 2 3 4 5 |  5.3
Necromancy     | 1 2 3 4 5 |  5.3
Translocations | 1 2 3 4 5 |  5.3
Transmutations | 1 2 3 4 5 |  5.3
Fire Magic     | 1 2 3 4 5 |  5.3
Ice Magic      | 1 2 3 4 5 |  5.3
Air Magic      | 1 2 3 4 5 |  5.3
Earth Magic    | 1 2 3 4 5 |  5.3
Poison Magic   | 1 2 3 4 5 |  5.3
Armour         | 5 6 7 8 |  8.0
Dodging        | 5 6 7 8 |  8.0
Fighting       | 7 8 9 |  9.2
Axes           | 7 8 9 |  9.2

Action                     |  1- 3 |  4- 6 |  7- 9 | 10-12 || total
---------------------------+-------+-------+-------+-------++-------
  Melee: Hand axe          |   105 |     1 |       |       ||   106
         Bite              |     9 |    11 |    25 |    44 ||    89
         Punch             |     1 |       |       |     1 ||     2
         Lajatang          |       |   123 |   237 |   178 ||   538
         Quarterstaff      |       |       |    20 |   104 ||   124
         Unarmed           |       |       |       |    28 ||    28
         War axe           |       |       |       |    26 ||    26
  Throw: Boomerang         |       |       |     6 |       ||     6
 Invoke: Berserk           |     1 |     1 |     5 |    11 ||    18
         Trog's Hand       |       |       |     3 |     1 ||     4
Ability: Begin Untransform |       |       |     1 |       ||     1
    Use: Scroll            |       |       |    12 |     1 ||    13
   Stab: Distracted        |       |       |     1 |       ||     1
 Armour: Chain mail        |    56 |    79 |   188 |    81 ||   404
         Plate armour      |       |       |       |   135 ||   135
  Dodge: Dodged            |    48 |    97 |   258 |   334 ||   737
   Form: Beast             |       |     1 |       |       ||     1

Table legend: (Time is in decaauts)
 A = Elapsed time spent in this place.
 B = Non-inter-level travel time spent in this place.
 C = Inter-level travel time spent in this place.
 D = Time resting spent in this place.
 E = Time spent auto-exploring this place.
 F = Levels seen in this place.
 G = Mean time per level.
                   A        B        C        D        E       F      G
               +--------+--------+--------+--------+--------+-----+--------+
         Total |   9254 |   8855 |    399 |   1093 |   6015 |  10 |  925.4 |
       Dungeon |   9254 |   8855 |    399 |   1093 |   6015 |  10 |  925.4 |
               +--------+--------+--------+--------+--------+-----+--------+

Top non-repeatable levels by time:
     D:8: 1651 daAuts
     D:9: 1292 daAuts
     D:4: 1202 daAuts
     D:5: 946 daAuts
     D:6: 856 daAuts
     D:2: 827 daAuts
     D:7: 790 daAuts
     D:1: 763 daAuts
     D:3: 685 daAuts
    D:10: 237 daAuts
